Map: 포트 알렉산더 - 래더

Players

Scarlett

  • Race: Zerg Zerg
  • Spawn Location: 5:00

TYTY (TY) - Winner!

  • Race: Terran Terran
  • Spawn Location: 11:00

Event: IEM Season 13: Katowice (2019)

VOD

Have the link to the VOD?

Description

Time

  • Played on: March 1, 2019, 11:14 a.m.
  • Length: 2:42

All games in this series

Show
View Real Time Build Order
Export as new Build Order

Scarlett Zerg 

Build Orders: Hatch First 

Get SALT Encoding   

  12  0:00  Drone  
  13  0:12  Overlord  
  13  0:18  Drone  
  14  0:30  Drone  
  14  0:31  Drone  
  16  0:48  Hatchery  
  15  0:52  Drone  
  15  0:56  Drone  
  17  0:59  Drone  
  18  1:10  Extractor  
  17  1:14  Spawning Pool  
  17  1:18  Drone  
  17  1:21  Drone  
  18  1:28  Drone  
  19  1:40  Drone  
  20  2:02  Queen  
  20  2:03  Spine Crawler  
  20  2:04  Zergling x4  
  20  2:05  Zergling x2  
  24  2:11  Zergling x4  
Show
View Real Time Build Order
Export as new Build Order

TYTY Terran - Winner!

Build Orders:  

Get SALT Encoding   

  12  0:00  SCV  
  13  0:12  SCV  
  14  0:18  Supply Depot  
  14  0:24  SCV  
  15  0:40  Barracks  
  15  0:53  Barracks  
  15  1:07  Barracks  
  15  1:12  SCV  
  17  1:27  Marine  
  17  1:30  Orbital Command  
  17  1:40  Marine  
  17  1:45  Marine  
  19  1:53  Marine  
  19  1:54  Bunker  
  20  2:02  Marine  
  20  2:07  Supply Depot  
  21  2:11  Marine x2  
  22  2:20  Marine  
  22  2:22  SCV  

Tags
 
Add a new tag
Caveats
  • Supply blocks, unpowered buildings, or Contaminate may cause inaccurate times.
  • Supply counts are checked every 10 seconds.